 Dungeon Crawl Stone Soup version 0.29.1-15-g9cfb28693d (webtiles) character file.

Game seed: 3703393347846237902

114 LustLizard the Protected (level 4, -8/34 HPs)
             Began as a Gnoll Wanderer on Mar 11, 2023.
             Killed by divine providence
             ... invoked by an orc priest
              (15 damage)
             ... on level 3 of the Dungeon.
             The game lasted 00:04:03 (2562 turns).

LustLizard the Protected (Gnoll Wanderer)           Turns: 2562, Time: 00:04:04

Health: -8/34      AC: 16    Str: 18    XL:     4   Next: 98%
Magic:  5/6        EV:  6    Int:  9    God:
Gold:   177        SH:  6    Dex: 15    Spells: 5/5 levels left

rFire   . . .      SeeInvis .   a - +0 hand axe
rCold   . . .      Faith    .   b - +0 buckler {AC+3}
rNeg    . . .      Spirit   .   u - +0 plate armour
rPois   .          Reflect  .   (no helmet)
rElec   .          Harm     .   s - scarf {repulsion}
rCorr   .          Rampage  .   (no gloves)
Will    .....                   (no boots)
Stlth   ..........              (no amulet)
HPRegen 0.11/turn               t - +6 ring of dexterity
MPRegen 0.10/turn               (no ring)

@: repel missiles
A: fangs 1, strong nose, distributed training
a: no special abilities


You were on level 3 of the Dungeon.
You visited 1 branch of the dungeon, and saw 3 of its levels.

You collected 177 gold pieces.

Inventory:

Hand Weapons
 a - a +0 hand axe (weapon)
 m - a +0 whip of holy wrath
Missiles
 j - 5 poisoned darts
 k - 10 stones (quivered)
Armour
 b - a +0 buckler of protection (worn)
 c - a +0 ring mail
 s - a scarf of repulsion (worn)
 u - a +0 plate armour (worn)
Jewellery
 t - a +6 ring of dexterity (left hand)
Scrolls
 d - a scroll of butterflies
 e - a scroll of enchant armour {unknown}
 h - 2 scrolls of identify {unknown}
 i - 3 scrolls of teleportation {unknown}
 l - 2 scrolls of vulnerability {unknown}
 o - a scroll of magic mapping {unknown}
 q - a scroll of amnesia {unknown}
 r - a scroll of blinking {unknown}
Potions
 f - 2 potions of might {unknown}
 g - 2 potions of haste {unknown}
 n - a potion of curing
 p - a potion of lignification {unknown}


   Skills:
 + Level 2.9 Fighting
 + Level 1.3 Short Blades
 + Level 1.3 Long Blades
 + Level 2.9 Axes
 + Level 1.3 Maces & Flails
 + Level 1.3 Polearms
 + Level 1.3 Staves
 + Level 1.3 Ranged Weapons
 + Level 1.3 Throwing
 + Level 8.6 Armour
 + Level 1.3 Dodging
 + Level 1.3 Stealth
 + Level 6.6 Shields
 + Level 1.3 Unarmed Combat
 + Level 1.3 Spellcasting
 + Level 1.1 Conjurations
 + Level 1.1 Hexes
 + Level 1.1 Summonings
 + Level 1.1 Necromancy
 + Level 1.1 Translocations
 + Level 1.1 Transmutations
 + Level 1.1 Fire Magic
 + Level 1.1 Ice Magic
 + Level 1.1 Air Magic
 + Level 1.1 Earth Magic
 + Level 1.1 Poison Magic
 + Level 1.5 Invocations
 + Level 2.9 Evocations


You had 5 spell levels left.
You didn't know any spells.
Your spell library contained the following spells:

 Spells                   Type           Power      Damage    Failure   Level
 Blink                    Tloc           4%         N/A       100%        2
 Summon Guardian Golem    Hex/Summ       2%         N/A       100%        3
 Manifold Assault         Tloc           2%         N/A       100%        5
 Orb of Destruction       Conj           1%         9d5       100%        7
 Spellforged Servitor     Conj/Summ      1%         N/A       100%        7
 Storm Form               Tmut/Air       1%         N/A       100%        7


Dungeon Overview and Level Annotations

Branches:
Dungeon (3/15)

Altars:


Innate Abilities, Weirdness & Mutations

You have very sharp teeth.
Your uncanny sense of smell can sniff out nearby items.
Your experience applies equally to all skills.


Message History

a +0 hand axe; a +0 leather armour; an orc corpse Unknown command.
You closely miss the orc.
The orc is moderately wounded.
You barely miss the orc priest. You hit something.
The orc priest hits you but does no damage.
Something hits you but does no damage. The orc closely misses you.
Unknown command.
You hit the orc priest but do no damage.
You miss the orc. You closely miss something.
The orc priest hits you but does no damage.
Something hits you but does no damage. The orc hits you with a +0 whip.
Unknown command.
You barely miss the orc priest. You closely miss the orc.
You closely miss something.
The orc priest hits you but does no damage.
Something hits you but does no damage. The orc barely misses you.
Unknown command.
Something hits you but does no damage. The orc hits you but does no damage.
You barely miss the orc priest.
You bite the orc priest, but do no damage.
You hit the orc. You barely miss something.
You feel less confused.
The orc priest hits you but does no damage.
You hear some strange, mumbled words.
A puff of flame appears from out of thin air!
The puff of flame is repelled.
You block the orc's attack. You block the orc priest's attack.
The orc hits you with a +0 whip.
* * * LOW HITPOINT WARNING * * *
Something hits you.
* * * LOW HITPOINT WARNING * * *
You hit the orc priest but do no damage.
You closely miss the orc. You closely miss something.
The orc priest hits you but does no damage.
Something hits you but does no damage. You block the orc's attack.
Unknown command.
You barely miss the orc priest. You barely miss the orc. You miss something.
The orc priest calls down the wrath of Beogh upon you.
Beogh smites you!
You die...

..)....# #..#
.......# #..#
.......# #..#
###.†#### #..#
#.....## #..#
#..##..###..#
##.###..##..# #.#
##..#..##########.
#.##
##.#....@o.......
#..##
#..#...o{.......
##..#
##.#...#.!.....<
##.## #..#.÷.........
#...####..#).........
#............#....$..
#.~~~~.~~~~~.#.......
#.~≈≈~.~≈≈≈~.#....#.#
#.~≈≈~.≈≈≈≈~......#..


You could see an orc priest and an orc.

Vanquished Creatures
  An orc priest (D:3)
  3 adders
  2 worms (D:2)
  2 dart slugs
  An orc (D:3)
  4 endoplasms (D:2)
  4 giant cockroaches
  5 goblins
  6 hobgoblins
  2 quokkas
  A ball python (D:2)
  4 bats
  3 frilled lizards
  6 kobolds
  4 rats
48 creatures vanquished.

Notes
Turn   | Place    | Note
-------+----------+-------------------------------------------
     0 | D:1      | LustLizard the Gnoll Wanderer began the quest for the Orb.
     0 | D:1      | LustLizard set off with the following items: a +0 hand axe,
                  | a +0 buckler of protection, a +0 ring mail, a scroll of
                  | butterflies.
     0 | D:1      | Reached XP level 1. HP: 17/17 MP: 1/1
   262 | D:1      | Reached XP level 2. HP: 23/23 MP: 2/2
   792 | D:1      | Found a faded altar of an unknown god.
  1326 | D:2      | Reached XP level 3. HP: 25/28 MP: 3/3
  1541 | D:2      | Reached skill level 1 in Invocations
  1581 | D:2      | Reached skill level 1 in Short Blades
  1581 | D:2      | Reached skill level 1 in Long Blades
  1581 | D:2      | Reached skill level 1 in Maces & Flails
  1581 | D:2      | Reached skill level 1 in Polearms
  1581 | D:2      | Reached skill level 1 in Staves
  1581 | D:2      | Reached skill level 1 in Ranged Weapons
  1581 | D:2      | Reached skill level 1 in Throwing
  1581 | D:2      | Reached skill level 1 in Dodging
  1581 | D:2      | Reached skill level 1 in Stealth
  1581 | D:2      | Reached skill level 1 in Unarmed Combat
  1581 | D:2      | Reached skill level 1 in Spellcasting
  1716 | D:2      | Reached XP level 4. HP: 28/34 MP: 5/5
  2363 | D:3      | Reached skill level 1 in Conjurations
  2363 | D:3      | Reached skill level 1 in Hexes
  2363 | D:3      | Reached skill level 1 in Summonings
  2363 | D:3      | Reached skill level 1 in Necromancy
  2363 | D:3      | Reached skill level 1 in Translocations
  2363 | D:3      | Reached skill level 1 in Transmutations
  2363 | D:3      | Reached skill level 1 in Fire Magic
  2363 | D:3      | Reached skill level 1 in Ice Magic
  2363 | D:3      | Reached skill level 1 in Air Magic
  2363 | D:3      | Reached skill level 1 in Earth Magic
  2363 | D:3      | Reached skill level 1 in Poison Magic
  2562 | D:3      | Killed from afar by an orc priest

Illustrated notes

Levels and vault maps discovered:
D:1:      minmay_arrival_open_corners, layout_loops_ring,
          shapermc_ecumenical_altar_petra
D:2:      minmay_diamond_boxcup, layout_basic, grunt_ministairs_5
D:3:      layout_rooms, gammafunk_ghost_smash, minivault_14

Skill      XL: |  1  2  3  4 |
---------------+-------------+-----
Invocations    | 1 |  1.5
Short Blades   | 1 |  1.3
Long Blades    | 1 |  1.3
Maces & Flails | 1 |  1.3
Polearms       | 1 |  1.3
Staves         | 1 |  1.3
Ranged Weapons | 1 |  1.3
Throwing       | 1 |  1.3
Dodging        | 1 |  1.3
Stealth        | 1 |  1.3
Unarmed Combat | 1 |  1.3
Spellcasting   | 1 |  1.3
Conjurations   | 1 |  1.1
Hexes          | 1 |  1.1
Summonings     | 1 |  1.1
Necromancy     | 1 |  1.1
Translocations | 1 |  1.1
Transmutations | 1 |  1.1
Fire Magic     | 1 |  1.1
Ice Magic      | 1 |  1.1
Air Magic      | 1 |  1.1
Earth Magic    | 1 |  1.1
Poison Magic   | 1 |  1.1
Fighting       | |  2.9
Axes           | |  2.9
Armour         | |  8.6
Shields        | |  6.6
Evocations     | |  2.9

Action                   |  1- 3 |  4- 6 || total
-------------------------+-------+-------++-------
Melee: Hand axe          |   127 |    65 ||   192
       Bite              |     2 |     7 ||     9
Armor: Ring mail         |    61 |    19 ||    80
       Plate armour      |       |    35 ||    35
Dodge: Dodged            |    60 |    21 ||    81
       Repelled          |       |     1 ||     1
Block: Buckler           |    38 |    21 ||    59
